 Dungeon Crawl Stone Soup version 0.31.0-11-ge490571c62 (webtiles) character file.

Game seed: 4910630463527248718

428 javelincjr the Trooper (level 6, 0/55 HPs)
             Began as a Minotaur Shapeshifter on Feb 5, 2024.
             Slain by a black bear (8 damage)
             ... on level 4 of the Dungeon on Feb 6, 2024.
             The game lasted 00:09:19 (3210 turns).

javelincjr the Trooper (Minotaur Shapeshifter)      Turns: 3210, Time: 00:09:20

Health: 0/55       AC:  2    Str: 21    XL:     6   Next: 65%
Magic:  5/5        EV: 12    Int:  7    God:
Gold:   204        SH:  0    Dex:  9    Spells: 5/5 levels left

rFire   . .          .
                       - Unarmed
rCold   . . .        (no shield)
rNeg    . . .        u - +0 animal skin
rPois   .            (helmet currently unavailable)
rElec   .            (cloak currently unavailable)
rCorr   .            (gloves currently unavailable)
SInv    .            (boots currently unavailable)
Will    .....        (no amulet)
Stlth   +            (no ring)
HPRegen 0.29/turn    (no ring)
MPRegen 0.09/turn

%: no passive effects
@: beast-form
A: beast (slay +2), horns 2, retaliatory headbutt
a: Begin Untransformation


You were on level 4 of the Dungeon.
You were a hulking beast.
You visited 1 branch of the dungeon, and saw 4 of its levels.

You collected 204 gold pieces.

Inventory:

Hand Weapons
 a - a +1 antimagic sling
 l - a +0 spear
Missiles
 e - 11 poisoned darts (quivered)
Armour
 u - a +0 animal skin (worn)
Jewellery
 f - the ring "Maufiugebi" {Ice rCorr Str+4 Int+2 Dex-3}
   (You took it off an orc on level 4 of the Dungeon)

   [ring of ice]

   Ice:       It enhances your ice magic.
   Str+4:     It affects your strength (+4).
   Int+2:     It affects your intelligence (+2).
   Dex-3:     It affects your dexterity (-3).
   rF-:       It makes you vulnerable to fire.
   rC+:       It protects you from cold.
   rCorr:     It protects you from acid and corrosion.
 p - a ring of see invisible
Talismans
 c - a beast talisman
 d - a flux talisman
 x - a serpent talisman
Scrolls
 i - 3 scrolls of identify {unknown}
 j - 2 scrolls of enchant armour {unknown}
 o - a scroll of noise {unknown}
 q - a scroll of poison {unknown}
 r - a scroll of butterflies {unknown}
 s - a scroll of fear {unknown}
Potions
 b - a potion of lignification
 h - a potion of mutation {unknown}
 k - a potion of brilliance {unknown}
 m - a potion of berserk rage {unknown}
 n - a potion of heal wounds
 t - a potion of magic {unknown}
 v - a potion of ambrosia {unknown}
 w - a potion of enlightenment {unknown}


   Skills:
 * Level 4.8 Fighting
 + Level 3.6 Dodging
 + Level 4.4 Unarmed Combat
 * Level 4.0 Shapeshifting


You had 5 spell levels left.
You didn't know any spells.
Your spell library contained the following spells:

 Spells                   Type           Power      Damage    Failure   Level
 Sting                    Conj/Alch      0%         1d3       43%         1


Dungeon Overview and Level Annotations

Branches:
Dungeon (4/15)
 Temple: D:4-7

Altars:
Dithmenos
Okawaru
Zin

Shops:
D:3 *


Innate Abilities, Weirdness & Mutations

You are a hulking beast.
Your limbs bulge with bestial killing power. (Slay +2)
You have a pair of horns on your head.
You reflexively headbutt those who attack you in melee.


Message History

You hit the black bear but do no damage.
The black bear is moderately wounded.
The black bear looks more healthy.
The black bear bites you! The black bear claws you.
The black bear claws you but does no damage.
You completely miss the black bear.
The black bear is moderately wounded.
The black bear bites you. The black bear claws you.
The black bear closely misses you.
You hit the black bear.
The black bear is heavily wounded.
You hit the black bear but do no damage.
The black bear is heavily wounded.
The black bear closely misses you. The black bear claws you.
* * * LOW HITPOINT WARNING * * *
The black bear claws you.
* * * LOW HITPOINT WARNING * * *
You barely miss the black bear. Your headbutt misses the black bear.
The black bear is heavily wounded.
The black bear bites you but does no damage.
The black bear claws you but does no damage. x2
You closely miss the black bear.
The black bear is heavily wounded.
The black bear bites you.
* * * LOW HITPOINT WARNING * * *
The black bear claws you but does no damage.
The black bear claws you.
* * * LOW HITPOINT WARNING * * *
You punch the black bear!
The black bear is severely wounded.
The black bear goes berserk!
You punch the black bear!
The black bear is almost dead.
The black bear bites you.
* * * LOW HITPOINT WARNING * * *
The black bear closely misses you. The black bear barely misses you.
You barely miss the black bear.
The black bear is almost dead.
The black bear bites you!
You die...

#...# #...# # #...# .##
#...# ..# #...# #.#
####...####### ###.###
.............. .....
..##...###########.#####...
.)))............hh..)((.<..
))##########.....##...##.##
..# #.................. ..#
#.###.....#####.#.# ..# #.#
#.....# .# # ..# #.#
#.....# # ..# #.# #.....#
..# #.# ####### ..######.#
...


You could see a black bear (berserk).

Vanquished Creatures
  2 scorpions (D:4)
  A bombardier beetle (D:3)
  3 orc priests
  A gnoll bouda (D:4)
  5 gnolls (D:4)
  3 adders
  A dart slug (D:3)
  2 ribbon worms
  7 orcs
  6 endoplasms
  5 giant cockroaches
  2 goblins
  6 hobgoblins
  3 jackals (D:1)
  2 quokkas
  5 ball pythons
  8 bats
  6 frilled lizards
  6 kobolds
  10 rats
84 creatures vanquished.

Notes
Turn   | Place    | Note
-------+----------+-------------------------------------------
     0 | D:1      | javelincjr the Minotaur Shapeshifter began the quest for
                  | the Orb.
     0 | D:1      | Reached XP level 1. HP: 16/16 MP: 0/0
   230 | D:1      | Reached XP level 2. HP: 22/24 MP: 1/1
   388 | D:1      | Found a faded altar of an unknown god.
   401 | D:1      | Got Plato's Information on Intoxication
   685 | D:1      | Reached XP level 3. HP: 29/29 MP: 2/2
  1649 | D:3      | Found Zin's Purification Station.
  1654 | D:3      | Found a glowing silver altar of Zin.
  1715 | D:3      | Reached XP level 4. HP: 37/38 MP: 3/3
  1762 | D:3      | Found an iron altar of Okawaru.
  2295 | D:3      | Reached XP level 5. HP: 22/45 MP: 4/4
  2459 | D:4      | Found a shadowy altar of Dithmenos.
  2669 | D:4      | Identified the ring "Maufiugebi" {Ice rCorr Str+4 Int+2
                  | Dex-3}
  2684 | D:4      | Reached XP level 6. HP: 41/52 MP: 5/5
  3210 | D:4      | Slain by a black bear

Illustrated notes

Levels and vault maps discovered:
D:1:      zelgadis_glass_arrival_small, layout_loops_cross,
          shapermc_ecumenical_altar_rom_forum, patterned_corridor
D:2:      layout_rooms, serial_forest, infiniplex_forest_clump_tiny,
          infiniplex_forest_lined_3_way, infiniplex_forest_straight_3,
          infiniplex_forest_clump_tiny, infiniplex_forest_straight_5
D:3:      layout_basic, okawaru_metal_pillars_3, zin_purify, minmay_fountain_box
D:4:      layout_basic, mainiacjoe_overflow_paths,
          minmay_fractal_squares_diagonal_5

Skill      XL: |  1  2  3  4  5  6 |
---------------+-------------------+-----
Fighting       | 2 3 4 |  4.8
Shapeshifting  | 3 4 |  4.0
Dodging        | 3 |  3.6
Unarmed Combat | 4 |  4.4

Action                     |  1- 3 |  4- 6 || total
---------------------------+-------+-------++-------
  Melee: Unarmed           |   119 |    82 ||   201
         Headbutt          |    11 |    14 ||    25
         Punch             |     2 |     2 ||     4
   Fire: Sling             |       |    11 ||    11
  Throw: Dart              |       |     2 ||     2
    Use: Potion            |       |     4 ||     4
   Stab: Sleeping          |     1 |     1 ||     2
 Armour: Animal skin       |    61 |    73 ||   134
  Dodge: Dodged            |    68 |    45 ||   113
